[Event "Team 45 45 League T42"]
[Site "Internet Chess Club"]
[Date "2009.08.20"]
[Round "4"]
[White "fuzzface"]
[Black "oldprez"]
[Result "1-0"]
[WhiteElo "1386"]
[BlackElo "1384"]
[Opening "King's Indian defense, 3.Nc3"]
[ECO "E90"]
[Time "10:00:10"]
[TimeControl "2700+45"]

1. d4 Nf6 2. c4 g6 3. Nc3 Bg7 4. Nf3 O-O 5. e4 d6 6. h3 Nbd7 7. Be2 c5 8. d5 Re8
9. O-O b6 10. Rb1 e6 11. Bg5 h6 12. Bxf6 Nxf6 13. Bd3 exd5 14. cxd5 Bd7 15. Re1
Nh5 16. Qd2 Qc8 17. Bb5 a6 18. Bxd7 Qxd7 19. a3 b5 20. Kh2 b4 21. axb4 cxb4 22.
Na2 a5 23. b3 Rac8 24. g4 Nf4 25. Qxf4 Rc2 26. Nc1 Rxf2+ 27. Kg1 Bd4 28. Kh1 Qb5
29. Nxd4 Rxf4 30. Nxb5 Rc8 31. Nd3 Rf3 32. Rbc1 Rxc1 33. Nxc1 Rxh3+ 34. Kg2 Rh4
35. Kg3 g5 36. Nxd6 h5 37. gxh5 Rxh5 38. Rf1 Rh7 39. Nxf7 Rxf7 40. Rxf7 Kxf7 41.
Kg4 Kf6 42. Nd3 Kg6 43. d6 Kf6 44. e5+ Kg6 45. d7 {Black resigns} 1-0

[Event "Team 45 45 League T42"]
[Site "Internet Chess Club"]
[Date "2009.08.25"]
[Round "4"]
[White "reverendjim"]
[Black "milesotoole"]
[Result "1-0"]
[WhiteElo "1397"]
[BlackElo "1281"]
[Opening "QGD Slav: 3.Nf3"]
[ECO "D11"]
[Time "22:06:32"]
[TimeControl "2700+45"]

1. d4 c6 2. c4 d5 3. Nf3 Bf5 4. e3 e6 5. Nc3 Nf6 6. Nh4 Bg4 7. Be2 Bxe2 8. Qxe2
Bd6 9. O-O Qc7 10. cxd5 Bxh2+ 11. Kh1 exd5 12. e4 O-O 13. e5 Bxe5 14. dxe5 Re8
15. f4 Nfd7 16. Qg4 Nf8 17. Nf5 Ng6 18. Nd6 Re7 19. Ne2 f6 20. exf6 Rd7 21. Ne8
Qd8 22. Nxg7 Qxf6 23. Nh5 Qh4+ 24. Qxh4 Nxh4 25. Nf6+ {Black resigns} 1-0

[Event "Team 45 45 League T42"]
[Site "Internet Chess Club"]
[Date "2009.08.19"]
[Round "4"]
[White "Newcastler"]
[Black "Cicero"]
[Result "1-0"]
[WhiteElo "1271"]
[BlackElo "1193"]
[Opening "King's Indian: orthodox, Aronin-Taimanov, bayonet attack"]
[ECO "E97"]
[Time "21:00:14"]
[TimeControl "2700+45"]

1. d4 Nf6 2. c4 g6 3. Nc3 Bg7 4. e4 d6 5. Nf3 O-O 6. Be2 e5 7. O-O Nc6 8. d5 Ne7
9. b4 Bd7 10. Ng5 h6 11. Nf3 Rc8 12. a4 c6 13. Be3 cxd5 14. Nxd5 Nxe4 15. Bxa7
Nxd5 16. cxd5 Nc3 17. Qe1 Nxe2+ 18. Qxe2 e4 19. Nd4 Ra8 20. Nb5 Bxa1 21. Rxa1
Qf6 22. Bd4 Qe7 23. a5 Qe8 24. Nc7 Qc8 25. Nxa8 Qxa8 26. Qxe4 Re8 27. Qf4 Kh7
28. Qf6 Rg8 29. Qxf7+ Rg7 30. Qxg7# {Black checkmated} 1-0

[Event "Team 45 45 League T42"]
[Site "Internet Chess Club"]
[Date "2009.08.24"]
[Round "4"]
[White "abescac"]
[Black "GabGag"]
[Result "0-1"]
[WhiteElo "1510"]
[BlackElo "2047"]
[Opening "Petrov: classical attack"]
[ECO "C42"]
[Time "16:00:07"]
[TimeControl "2700+45"]

1. e4 e5 2. Nf3 Nf6 3. Nxe5 d6 4. Nf3 Nxe4 5. d4 d5 6. Bd3 Be7 7. O-O Bg4 8. Re1
f5 9. c4 O-O 10. cxd5 Qxd5 11. Nc3 Nxc3 12. bxc3 Bd6 13. Be2 Nd7 14. Qb3 Qxb3
15. axb3 Nf6 16. Bc4+ Kh8 17. Ne5 Bh5 18. f3 c5 19. Be3 a6 20. Bd3 Nd5 21. Bd2
cxd4 22. cxd4 Nb4 23. Bb1 Rad8 24. Be3 Be8 25. Nc4 Bc7 26. Ne5 Bb5 27. Rd1 Bxe5
28. g4 Be2 29. Rd2 fxg4 30. Rxe2 Bxd4 31. Bxd4 Rxd4 32. Be4 gxf3 33. Rf1 Rd1 34.
Bxf3 Rxf1+ 35. Kxf1 Rxf3+ 36. Ke1 h6 37. Re7 Re3+ {White resigns} 0-1

[Event "Team 45 45 League T42"]
[Site "Internet Chess Club"]
[Date "2009.08.22"]
[Round "4"]
[White "KingOfHearts"]
[Black "katabatico"]
[Result "0-1"]
[WhiteElo "1263"]
[BlackElo "1409"]
[Opening "Giuoco Pianissimo"]
[ECO "C50"]
[Time "16:00:08"]
[TimeControl "2700+45"]

1. e4 e5 2. Nf3 Nc6 3. Bc4 Bc5 4. d3 h6 5. O-O Nf6 6. Nc3 O-O 7. a3 Re8 8. b4
Bb6 9. Re1 d6 10. h3 a6 11. Nh4 Nh7 12. Ng6 Qf6 13. Qh5 Qxf2+ 14. Kh2 Qxe1 15.
Bb2 Qf2 16. d4 Bxd4 17. Rf1 Nf6 18. Bxf7+ Kh7 19. Nf8+ Rxf8 20. Qg6+ Kh8 21.
Rxf2 Bxf2 22. Nd5 Nxd5 23. Bxd5 Ne7 24. Qh5 Nxd5 25. exd5 Bf5 26. c4 Bd4 27. Bc1
Bh7 28. Qh4 e4 29. Qe7 Be5+ 30. Kg1 Bd4+ 31. Kh2 e3 32. Qxc7 Be5+ 33. Kg1 e2
{White resigns} 0-1

[Event "Team 45 45 League T42"]
[Site "Internet Chess Club"]
[Date "2009.08.24"]
[Round "4"]
[White "Visin"]
[Black "The-Capitalist"]
[Result "0-1"]
[WhiteElo "1267"]
[BlackElo "1324"]
[Opening "Caro-Kann: classical variation"]
[ECO "B18"]
[Time "12:00:16"]
[TimeControl "2700+45"]

1. e4 c6 2. d4 d5 3. Nc3 dxe4 4. Nxe4 Bf5 5. f3 e6 6. Ne2 Nf6 7. Bg5 Be7 8. N2c3
O-O 9. g4 Nxe4 10. Bxe7 Qxe7 11. fxe4 Bg6 12. h4 h6 13. Qd2 Nd7 14. O-O-O Rad8
15. Qe3 Nf6 16. g5 hxg5 17. hxg5 Nh7 18. Rg1 c5 19. Bh3 cxd4 20. Rxd4 Rxd4 21.
Qxd4 Nxg5 22. Bg2 Qf6 23. Qxa7 Qf4+ 24. Kb1 Nxe4 25. Nxe4 Bxe4 26. Rf1 Qg4 27.
Bxe4 Qxe4 28. Qf2 f5 29. Re1 Rd8 30. a3 Qd5 31. b3 Ra8 32. a4 b5 33. axb5 Qxb5
34. Rxe6 Qa5 35. Kc1 Qa1+ 36. Kd2 Rd8+ 37. Ke3 Qd4+ 38. Ke2 Qd1+ 39. Ke3 Qd4+
40. Ke2 Qg4+ 41. Qf3 Qxf3+ 42. Kxf3 Kf7 43. Re2 g5 44. Rh2 g4+ 45. Kf4 Kg6 46.
Re2 Kf6 47. c3 Rd1 48. Re3 Rf1+ 49. Kg3 f4+ 50. Kg2 Rb1 51. Rd3 Rxb3 52. Rd6+
Kf5 53. Rd5+ Ke4 54. Rd4+ Ke3 55. Rc4 Rb2+ 56. Kf1 f3 57. Rxg4 Rb1# {White
checkmated} 0-1

[Event "Team 45 45 League T42"]
[Site "Internet Chess Club"]
[Date "2009.08.21"]
[Round "4"]
[White "kjs110"]
[Black "otib2006"]
[Result "0-1"]
[WhiteElo "1091"]
[BlackElo "1266"]
[Opening "Sicilian: closed"]
[ECO "B23"]
[Time "13:00:17"]
[TimeControl "2700+45"]

1. e4 c5 2. Nc3 d6 3. g3 Nf6 4. Bg2 e5 5. Nge2 Be7 6. O-O O-O 7. d3 Nbd7 8. f4
a6 9. f5 b5 10. Bf3 Bb7 11. Be3 Nb6 12. b3 b4 13. Nb1 d5 14. Nd2 Rc8 15. g4 c4
16. bxc4 dxc4 17. Nxc4 Nxc4 18. dxc4 Qxd1 19. Raxd1 Bxe4 20. Bxe4 Nxe4 21. Rd5
Bf6 22. Rb1 Rxc4 23. Rc1 Nc3 24. Rd6 Nxe2+ 25. Kf2 Nxc1 26. Bxc1 Rxc2+ 27. Kg3
Rxc1 28. Rxa6 Rc3+ 29. Kg2 b3 30. axb3 Rxb3 {White resigns} 0-1

[Event "Team 45 45 League T42"]
[Site "Internet Chess Club"]
[Date "2009.08.20"]
[Round "4"]
[White "thefranman"]
[Black "oldsj"]
[Result "1/2-1/2"]
[WhiteElo "1430"]
[BlackElo "1651"]
[Opening "English opening"]
[ECO "A16"]
[Time "17:00:09"]
[TimeControl "2700+45"]

1. c4 Nf6 2. Nc3 g6 3. d3 Bg7 4. Nf3 d6 5. e3 O-O 6. Be2 e5 7. a3 a5 8. O-O Nc6
9. Qc2 d5 10. cxd5 Nxd5 11. Bd2 Be6 12. Ne4 Qe8 13. Nc5 Bc8 14. Rac1 b6 15. Ne4
Bb7 16. Qc4 Rd8 17. Bd1 Nce7 18. Bb3 b5 19. Qc5 a4 20. Ba2 c6 21. Qa7 Qd7 22.
Nc5 Qg4 23. Qxb7 Rb8 24. Qxc6 Nxc6 25. Bxd5 Ne7 26. Be4 Qc8 27. Bb4 Qd8 28. Bc3
Re8 29. Nxe5 f5 30. Nc6 Nxc6 31. Bxc6 Bxc3 32. Bxe8 Bxb2 33. Rc2 Rc8 34. Bxb5
Bxa3 35. Bxa4 Rxc5 36. Rxc5 Bxc5 37. d4 Be7 38. Bb3+ Kg7 39. Be6 Qb6 40. d5 Qb2
41. g3 Bd6 42. Rd1 Kf6 43. Rd4 Ke5 44. Rc4 Qa3 45. Rc8 Qa7 46. Rd8 Qb7 47. Rd7
Qb1+ 48. Kg2 Qe4+ 49. Kf1 Qb1+ 50. Kg2 Qe4+ 51. Kg1 h5 52. Rf7 Qb1+ 53. Kg2 Qe4+
54. Kg1 Qb1+ 55. Kg2 {Game drawn by mutual agreement} 1/2-1/2

[Event "Team 45 45 League T42"]
[Site "Internet Chess Club"]
[Date "2009.08.23"]
[Round "4"]
[White "Berkshires"]
[Black "Just-Jim"]
[Result "1/2-1/2"]
[WhiteElo "1565"]
[BlackElo "1405"]
[Opening "Petrov: modern (Steinitz) attack"]
[ECO "C43"]
[Time "18:00:14"]
[TimeControl "2700+45"]

1. e4 e5 2. Nf3 Nf6 3. d4 exd4 4. Nxd4 Nxe4 5. Qe2 Qe7 6. Nf3 Nf6 7. Be3 Nd5 8.
Bg5 Qxe2+ 9. Bxe2 Nb4 10. Na3 Nd5 11. Nc4 Bb4+ 12. Ncd2 O-O 13. O-O-O d6 14. Nc4
Re8 15. Ne3 Nxe3 16. Bxe3 Be6 17. Kb1 Nc6 18. Nd4 Nxd4 19. Rxd4 Bc5 20. Rdd1
Bxe3 21. fxe3 Bd7 22. Bf3 Rxe3 23. Bxb7 Rb8 24. Ba6 g6 25. Bc4 Be6 26. Bd3 Re5
27. Rhf1 Rg5 28. Rf2 Bd5 29. g3 Re8 30. Rfd2 Bf3 31. Rf1 Rge5 32. b3 Re1+ 33.
Rxe1 Rxe1+ 34. Kb2 Re5 35. Bc4 Kg7 36. Rf2 Bd5 37. Bd3 f5 38. h4 Re3 39. Rf4
Rxg3 40. Rd4 Be6 41. Ra4 Rg4 42. Rxa7 Rxh4 43. Rxc7+ Kh6 44. Re7 Bc8 45. Bc4 Kg5
46. Rc7 d5 47. Rxc8 dxc4 48. Rxc4 Rxc4 49. bxc4 f4 50. c5 f3 51. c6 f2 52. c7
f1=Q 53. c8=Q Qf6+ 54. Kb3 h5 55. Qc5+ Qf5 56. Qe3+ Kf6 57. Qd4+ Kg5 58. Qg1+
Qg4 59. Qe3+ Qf4 60. Qc5+ Kg4 61. Qc8+ Kg3 62. c4 h4 63. c5 h3 64. Qe8 g5 65.
Qe1+ Qf2 66. Qe5+ Qf4 67. Qe1+ Kg2 68. Qe2+ Qf2 69. Qe4+ Qf3+ 70. Qxf3+ Kxf3 71.
c6 h2 72. c7 h1=Q 73. c8=Q Qb1+ 74. Ka3 Qd3+ 75. Kb4 g4 76. Qf8+ Ke2 77. Qe8+
Qe3 78. Qb5+ Kf3 79. Qf1+ Qf2 80. Qd3+ Kg2 81. Qe4+ Kg3 82. Qd3+ Qf3 83. Qg6
Qf4+ 84. Kc3 Kf3 85. Qc6+ Kf2 86. Qg6 g3 87. Qc2+ Kf3 88. Qd1+ Ke4 89. Qd4+ Kf5
90. Qd7+ Kg5 91. Qg7+ Kh4 92. Qh7+ Kg4 93. Qg7+ Kf3 94. Qb7+ Kf2 {Game drawn by
mutual agreement} 1/2-1/2

[Event "Team 45 45 League T42"]
[Site "Internet Chess Club"]
[Date "2009.08.22"]
[Round "4"]
[White "hcarstens"]
[Black "beerss"]
[Result "0-1"]
[WhiteElo "1276"]
[BlackElo "1408"]
[Opening "French defense"]
[ECO "C00"]
[Time "20:00:12"]
[TimeControl "2700+45"]

1. e4 e6 2. Nf3 d5 3. d4 dxe4 4. Ng5 Nf6 5. Nc3 Bb4 6. Bd2 Nc6 7. Bb5 Qxd4 8.
O-O O-O 9. Re1 Qb6 10. Bxc6 Qxc6 11. Ncxe4 Nd5 12. Bxb4 Nxb4 13. c3 Nd5 14. Qc2
f5 15. Ng3 Nf4 16. Nf3 Bd7 17. Qd2 Ng6 18. Qd4 a6 19. Nh5 Rf7 20. Ng5 Re7 21.
Rad1 Rae8 22. b3 h6 23. Nf3 Kh8 24. Ne5 Nxe5 25. Qxe5 Rf7 26. Re3 Ree7 27. Rg3
Qe4 28. Qxc7 Qe2 29. Rf1 Qxh5 30. Qxb7 Bb5 31. c4 Rxb7 32. cxb5 axb5 33. Rc3
Rfc7 34. Rd3 Qe8 35. h3 Rc2 36. a3 Ra2 37. b4 Kh7 38. Re3 Kg6 39. Rfe1 Kf6 40.
g3 Re7 41. g4 g6 42. Rf3 e5 43. h4 e4 44. Rf4 Rxa3 45. Kg2 e3 46. f3 Ra2+ 47.
Kg3 Rb2 48. g5+ hxg5 49. hxg5+ Kxg5 50. Rh4 Qb8+ 51. Kh3 Qh2# {White checkmated}
0-1

[Event "Team 45 45 League T42"]
[Site "Internet Chess Club"]
[Date "2009.08.26"]
[Round "4"]
[White "chips"]
[Black "theartist"]
[Result "1-0"]
[WhiteElo "1218"]
[BlackElo "1094"]
[Opening "Sicilian"]
[ECO "B50"]
[Time "16:02:54"]
[TimeControl "2700+45"]

1. Nf3 c5 2. e4 d6 3. d3 Nf6 4. g3 g6 5. Bg2 Bg7 6. O-O O-O 7. Nc3 Nc6 8. Kh1
Bg4 9. Kg1 Qc8 10. a3 Bh3 11. Ne2 Bxg2 12. Kxg2 b5 13. Rh1 a5 14. c3 b4 15. Bd2
Rb8 16. Rb1 b3 17. Nc1 a4 18. Ne2 Rd8 19. Qc1 d5 20. Bh6 Bh8 21. e5 Ng4 22. d4
Nxh6 23. Qxh6 f6 24. exf6 exf6 25. dxc5 Ne7 26. Qe3 Nf5 27. Qc1 Qxc5 28. Nfd4
Nxd4 29. Nxd4 Re8 30. Re1 Re5 31. Nf3 Rxe1 32. Qxe1 Qd6 33. Nd4 Kf7 34. Qd2 f5
35. Qh6 Kg8 36. Nxf5 Qf6 37. Qf4 Rf8 38. Nh6+ Kg7 39. Qxf6+ Rxf6 40. Ng4 Rd6 41.
Rd1 Kf7 42. Nh6+ Ke6 43. Re1+ Kd7 44. Nf7 Re6 45. Rxe6 Kxe6 46. Nxh8 Kf6 47. f4
Kg7 48. Nxg6 Kxg6 49. h4 h5 50. Kf3 Kf5 51. g4+ hxg4+ 52. Kg3 Kg6 53. Kxg4 Kg7
54. Kf5 Kh6 55. Ke5 Kh5 56. Kxd5 Kxh4 57. Kc4 Kg4 58. Kb4 Kxf4 59. Kxa4 Ke5 60.
Kxb3 Kd5 61. Kb4 Kc6 62. b3 Kb6 63. c4 Kc6 64. a4 Kb6 65. a5+ Kc6 66. c5 Kb7 67.
Kb5 Kc7 68. b4 Kb7 69. c6+ Kb8 70. Kb6 Kc8 71. a6 Kb8 72. b5 Ka8 73. Kc5 Ka7 74.
c7 Ka8 75. c8=Q+ Ka7 76. b6# {Black checkmated} 1-0

[Event "Team 45 45 League T42"]
[Site "Internet Chess Club"]
[Date "2009.08.21"]
[Round "4"]
[White "DrOMM"]
[Black "taichichen"]
[Result "1/2-1/2"]
[WhiteElo "1260"]
[BlackElo "1217"]
[Opening "Giuoco Piano: four knights variation"]
[ECO "C50"]
[Time "16:31:38"]
[TimeControl "2700+45"]

1. e4 e5 2. Nf3 Nc6 3. Bc4 Bc5 4. Nc3 Nf6 5. h3 b6 6. a3 a5 7. d3 h6 8. O-O Nd4
9. Nxe5 O-O 10. Ng4 c6 11. Ne3 b5 12. Ba2 b4 13. Ne2 bxa3 14. bxa3 Rb8 15. Bd2
Nxe2+ 16. Qxe2 Bxa3 17. Bxf7+ Rxf7 18. Rxa3 Rf8 19. Bxa5 Qe7 20. Raa1 d5 21. f3
Ba6 22. Qd2 Rfe8 23. Rfe1 Qc5 24. Bc7 Rb7 25. Bg3 Rd7 26. exd5 Nxd5 27. Bf2 Rde7
28. Nxd5 Rxe1+ 29. Rxe1 Rxe1+ 30. Qxe1 Qxd5 31. Qe8+ Kh7 32. Qe4+ Qxe4 33. fxe4
Kg6 34. Bc5 Bb5 35. d4 Kf6 36. e5+ Ke6 37. Kf2 h5 38. h4 g6 39. Kf3 Kf5 40. g3
Bc4 41. Be7 Bd5+ 42. Kf2 Ke4 43. c3 Kd3 44. Bc5 Kd2 45. c4 Be6 46. Kf3 Kd3 47.
Kf4 Kxc4 48. Kg5 Bf5 49. e6 Bxe6 50. Kxg6 Bg4 51. Kf6 Kd5 52. Ke7 Bf3 53. Kf6
Bg4 {Game drawn by mutual agreement} 1/2-1/2

[Event "Team 45 45 League T42"]
[Site "Internet Chess Club"]
[Date "2009.08.23"]
[Round "4"]
[White "ilknight"]
[Black "jjaillet2007"]
[Result "1-0"]
[WhiteElo "1434"]
[BlackElo "1238"]
[Opening "Queen's gambit declined"]
[ECO "D30"]
[Time "18:00:25"]
[TimeControl "2700+45"]

1. d4 d5 2. c4 e6 3. e3 c5 4. cxd5 exd5 5. Nc3 Nf6 6. Nf3 Nc6 7. Bb5 a6 8. Bxc6+
bxc6 9. Qa4 Bd7 10. Ne5 Bd6 11. Nxd7 Qxd7 12. O-O O-O 13. b3 Ng4 14. g3 Qf5 15.
Qxc6 Rfd8 16. Qxd5 Qd3 17. Qc4 Qxc4 18. bxc4 cxd4 19. exd4 f5 20. Bg5 Re8 21.
Rfe1 Bb4 22. Rxe8+ Rxe8 23. Nd5 a5 24. Nxb4 axb4 25. h3 Nf6 26. Bxf6 gxf6 27.
Kf1 Re4 28. Rd1 Kf7 29. c5 Ke6 30. Re1 Kd5 31. Rxe4 fxe4 32. Ke2 f5 33. f3 exf3+
34. Kxf3 h5 35. g4 fxg4+ 36. hxg4 hxg4+ 37. Kxg4 Kc6 38. Kf4 Kb5 39. Ke5 Ka4 40.
c6 Ka3 41. c7 Kxa2 42. c8=Q b3 43. Qb8 b2 44. Qxb2+ Kxb2 45. d5 Kb3 46. d6 Kb4
47. d7 Kb5 48. d8=Q Kc4 49. Qd5+ Kb4 50. Qc6 Kb3 51. Kd4 Kb2 52. Qc3+ Ka2 53.
Qb4 Ka1 54. Kc3 Ka2 55. Qb2# {Black checkmated} 1-0

[Event "Team 45 45 League T42"]
[Site "Internet Chess Club"]
[Date "2009.08.21"]
[Round "4"]
[White "cobbler"]
[Black "dxf"]
[Result "1-0"]
[WhiteElo "1247"]
[BlackElo "1176"]
[Opening "Réti: King's Indian attack"]
[ECO "A05"]
[Time "11:30:21"]
[TimeControl "2700+45"]

1. Nf3 Nf6 2. g3 g6 3. Bg2 Bg7 4. O-O O-O 5. d3 b6 6. Nbd2 Bb7 7. e4 d6 8. e5
Ng4 9. h3 Nxe5 10. Nxe5 Bxg2 11. Kxg2 Bxe5 12. Nf3 Bf6 13. c3 Qd7 14. Re1 Nc6
15. Bg5 Bxg5 16. Nxg5 Ne5 17. d4 Qc6+ 18. Kh2 h6 19. dxe5 hxg5 20. exd6 exd6 21.
Qd2 f6 22. Qd3 Kg7 23. Re7+ Kh6 24. Rae1 Rae8 25. Qd2 Rxe7 26. Rxe7 Qb7 27. h4
Qb8 28. Qd4 Qd8 29. hxg5+ fxg5 30. Qg7+ Kh5 31. Qh7+ Kg4 32. Qh3+ Kf3 33. Qg2+
Kg4 34. Re4+ Rf4 35. gxf4+ Kf5 36. Re3 gxf4 37. Qh3+ Kf6 38. Qh4+ g5 39. Qh6+
Kf7 40. Qe6+ Kf8 41. Rh3 Kg7 42. Rh6 Qh8 43. Rxh8 Kxh8 44. Qf6+ Kg8 45. Qxg5+
Kf7 46. Qxf4+ Ke7 47. Qg5+ Kd7 48. f4 c5 49. f5 d5 50. f6 d4 51. f7 dxc3 52.
bxc3 Kc7 53. f8=Q Kb7 54. Qd5+ Ka6 55. Qc4+ Kb7 56. Qe7+ Kc6 57. Qee6+ Kb7 58.
Qed5+ Kc7 59. Qf4+ Kc8 60. Qc6+ Kd8 61. Qfc7# {Black checkmated} 1-0

[Event "Team 45 45 League T42"]
[Site "Internet Chess Club"]
[Date "2009.08.22"]
[Round "4"]
[White "damnwrite"]
[Black "joaoazm"]
[Result "0-1"]
[WhiteElo "1151"]
[BlackElo "1206"]
[Opening "Four knights game"]
[ECO "C47"]
[Time "20:00:13"]
[TimeControl "2700+45"]

1. e4 e5 2. Nf3 Nc6 3. Nc3 Nf6 4. d3 Bb4 5. Bd2 O-O 6. Nd5 Bxd2+ 7. Qxd2 Nxd5 8.
exd5 Ne7 9. Nxe5 d6 10. Nf3 Bg4 11. Be2 Nxd5 12. c4 Nf6 13. O-O c5 14. d4 b6 15.
d5 Re8 16. Bd1 Ne4 17. Qf4 f5 18. Ba4 Rf8 19. Bc6 Rb8 20. h4 Bxf3 21. Qxf3 Nd2
22. Qf4 Nxf1 23. Rxf1 Qf6 24. b3 h6 25. g3 g5 26. hxg5 Qxg5 27. Qxd6 f4 28. Qe6+
Kg7 29. g4 h5 30. f3 hxg4 31. fxg4 f3 32. d6 f2+ 33. Rxf2 Rxf2 34. Kxf2 Rf8+ 35.
Bf3 Qd2+ 36. Kg3 Qf4+ 37. Kh4 Rh8+ {White resigns} 0-1

[Event "Team 45 45 League T42"]
[Site "Internet Chess Club"]
[Date "2009.08.22"]
[Round "4"]
[White "PsyMar"]
[Black "Renagade"]
[Result "0-1"]
[WhiteElo "1089"]
[BlackElo "1166"]
[Opening "Scotch game"]
[ECO "C45"]
[Time "14:00:12"]
[TimeControl "2700+45"]

1. e4 e5 2. Nf3 Nc6 3. d4 exd4 4. Nxd4 Bc5 5. Be3 d6 6. Bb5 Bd7 7. Nc3 Qf6 8.
Nd5 Qd8 9. c3 Nf6 10. Qf3 Nxd4 11. Bxd7+ Qxd7 12. cxd4 Nxd5 13. exd5 Bb4+ 14.
Bd2 Bxd2+ 15. Kxd2 O-O 16. Rhe1 Rae8 17. Rxe8 Rxe8 18. Re1 Rxe1 19. Kxe1 Qa4 20.
Qg4 Qe8+ 21. Kd2 g6 22. h4 f5 23. Qg5 Kg7 24. h5 Qf7 25. h6+ Kf8 26. Qd8+ Qe8
27. Qxc7 Qe4 28. Qxd6+ Qe7 29. Qb8+ Kf7 30. Qxa7 Qb4+ 31. Kc2 Qc4+ 32. Kd2 Qxd5
33. g3 Qf3 34. Ke1 Qh1+ 35. Ke2 Qe4+ 36. Kf1 Qh1+ 37. Ke2 Qe4+ 38. Kd2 Qf3 39.
Qb8 Qxf2+ 40. Kc3 Qe3+ 41. Kc4 Qc1+ 42. Kd5 Qc6+ 43. Ke5 Qe6+ 44. Kf4 Qe4+ 45.
Kg5 Qg4# {White checkmated} 0-1

[Event "Team 45 45 League T42"]
[Site "Internet Chess Club"]
[Date "2009.08.24"]
[Round "4"]
[White "houseofcook"]
[Black "xlxe5"]
[Result "0-1"]
[WhiteElo "1478"]
[BlackElo "1400"]
[Opening "French: Tarrasch, open, 4.ed ed"]
[ECO "C08"]
[Time "14:01:07"]
[TimeControl "2700+45"]

1. e4 e6 2. d4 d5 3. Nd2 c5 4. exd5 exd5 5. Bb5+ Nc6 6. Ngf3 Qb6 7. Qe2+ Be6 8.
dxc5 Bxc5 9. O-O Nf6 10. Nb3 O-O 11. Nxc5 Qxc5 12. Bd3 Rad8 13. Bg5 Bg4 14. Bxf6
gxf6 15. Qd1 Rfe8 16. Qd2 Bxf3 17. gxf3 Ne5 18. Kh1 Nxd3 19. Qh6 Nxf2+ 20. Rxf2
Qxf2 21. Rg1+ Qxg1+ 22. Kxg1 Re1+ 23. Kf2 Re6 24. Qf4 Rdd6 25. Qd4 a6 26. a4 b6
27. b4 Rc6 28. c3 Kg7 29. Qg4+ Kf8 30. Qd4 Re5 31. Qd3 a5 32. bxa5 bxa5 33. Qxh7
Rxc3 34. Qh8+ Ke7 35. Qh7 Rc4 36. Qb1 Rxa4 37. Qb7+ Kf8 38. Qb8+ Kg7 39. Qb1 Rh5
40. Kg3 Rg5+ 41. Kf2 Rh4 42. Qa1 Rxh2+ 43. Ke3 Re5+ 44. Kf4 Rh4+ 45. Kg3 Rc4 46.
Qxa5 Rg5+ 47. Kf2 Rc2+ 48. Ke3 d4+ {White resigns} 0-1

[Event "Team 45 45 League T42"]
[Site "Internet Chess Club"]
[Date "2009.08.22"]
[Round "4"]
[White "kingsrook"]
[Black "JimGaming"]
[Result "1-0"]
[WhiteElo "1312"]
[BlackElo "1272"]
[Opening "Queen's pawn: Yusupov-Rubinstein system"]
[ECO "A46"]
[Time "14:02:21"]
[TimeControl "2700+45"]

1. d4 Nf6 2. Nf3 e6 3. e3 c5 4. c3 b6 5. Bd3 Ba6 6. Bxa6 Nxa6 7. Nbd2 cxd4 8.
exd4 Bd6 9. O-O O-O 10. Re1 Bf4 11. Ne4 Bxc1 12. Rxc1 Nxe4 13. Rxe4 Nc7 14. Re1
d5 15. b4 b5 16. Ne5 f6 17. Nf3 a5 18. a3 a4 19. Re2 Re8 20. Ne1 Re7 21. Nd3 Na6
22. Qd2 Qc7 23. Rce1 Rae8 24. Qb2 Qc4 25. Nc5 Nxc5 26. bxc5 e5 27. Qb4 e4 28.
Qxc4 bxc4 29. Rb1 f5 30. Rb5 f4 31. c6 f3 32. Re3 Rd8 33. gxf3 Rd6 34. Rc5 Rc7
35. fxe4 Rcxc6 36. Rxc6 Rxc6 37. exd5 Rb6 38. Re6 Rxe6 39. dxe6 Kf8 40. Kg2 Ke7
41. Kf3 Kxe6 42. Ke4 h5 43. f4 g6 44. h4 Kd6 45. d5 Ke7 46. Ke5 Kd7 47. d6 Ke8
48. Ke6 Kd8 49. d7 g5 50. fxg5 Kc7 51. Ke7 {Black resigns} 1-0

[Event "Team 45 45 League T42"]
[Site "Internet Chess Club"]
[Date "2009.08.23"]
[Round "4"]
[White "MeansToAnEnd"]
[Black "WzeroMN"]
[Result "0-1"]
[WhiteElo "1097"]
[BlackElo "1199"]
[Opening "Sicilian: closed"]
[ECO "B23"]
[Time "14:00:10"]
[TimeControl "2700+45"]

1. e4 c5 2. Nc3 d6 3. Bb5+ Bd7 4. Bxd7+ Nxd7 5. Nf3 e6 6. d3 Ngf6 7. O-O Be7 8.
Bf4 O-O 9. Nb5 Qb6 10. a4 a6 11. Nc3 Qxb2 12. Qd2 Qb6 13. Rab1 Qc7 14. Rb3 Rfb8
15. Re1 c4 16. Rb4 cxd3 17. cxd3 e5 18. Rc4 Qd8 19. Bg5 Rc8 20. Bxf6 Nxf6 21.
Qa2 Rxc4 22. Qxc4 Qc8 23. Qb3 Qc5 24. Rc1 Qc8 25. Rb1 Rb8 26. Ng5 Qe8 27. Nd5
Nxd5 28. Qxd5 Bxg5 29. Rxb7 Rxb7 30. Qxb7 a5 31. Qb6 Qc8 32. g3 Qd8 33. Qb5 g6
34. h4 Bh6 35. g4 Bd2 36. g5 Qc8 37. Kg2 Qg4+ 38. Kf1 Qxh4 39. Qb8+ Kg7 40. Qxd6
Qh1+ 41. Ke2 Qe1+ 42. Kf3 Bxg5 43. Qxe5+ Bf6 44. Qd5 h5 45. d4 h4 46. e5 Be7 47.
Qb7 Qh1+ {White resigns} 0-1

[Event "Team 45 45 League T42"]
[Site "Internet Chess Club"]
[Date "2009.08.24"]
[Round "4"]
[White "bowwrestler"]
[Black "sere"]
[Result "1-0"]
[WhiteElo "1031"]
[BlackElo "1058"]
[Opening "Scotch gambit: Dubois-Réti defense"]
[ECO "C55"]
[Time "10:03:25"]
[TimeControl "2700+45"]

1. e4 e5 2. Nf3 Nc6 3. d4 exd4 4. Bc4 Nf6 5. Nxd4 Bc5 6. Qd3 Nxd4 7. e5 d5 8.
exf6 dxc4 9. Qxc4 Qxf6 10. Qxc5 Bf5 11. O-O Nxc2 12. Qxc7 Nxa1 13. Re1+ Be6 14.
Bf4 Qxf4 15. Qxf4 O-O 16. Nc3 Nc2 17. Re4 Rad8 18. h3 Rfe8 19. Ne2 Bxa2 20.
Rxe8+ Rxe8 21. Qg3 g6 22. Nf4 Nd4 23. Qa3 Re1+ 24. Kh2 Ne2 25. Nxe2 Rxe2 26.
Qxa2 Rxf2 27. Qb3 b6 28. Kg3 Rd2 29. Qc3 Re2 30. Qc8+ Kg7 31. Qc3+ Kf8 32. Qb4+
Ke8 33. Qb5+ Kd8 34. Qxe2 f5 35. Qc4 h5 36. Qg8+ Kc7 37. Qxg6 a5 38. Qxh5 Kb7
39. Qxf5 Ka6 40. h4 b5 41. h5 b4 42. h6 a4 43. h7 a3 44. bxa3 bxa3 45. Qd3+ Kb7
{Black resigns} 1-0

[Event "Team 45 45 League T42"]
[Site "Internet Chess Club"]
[Date "2009.08.23"]
[Round "4"]
[White "Razorbackchess"]
[Black "kidviper"]
[Result "1-0"]
[WhiteElo "1845"]
[BlackElo "1720"]
[Opening "English opening"]
[ECO "A20"]
[Time "17:00:06"]
[TimeControl "2700+45"]

1. c4 e5 2. g3 Nf6 3. Bg2 c6 4. d4 e4 5. Nc3 d5 6. cxd5 cxd5 7. Bg5 Bb4 8. Rc1
Nbd7 9. Qb3 Bxc3+ 10. Rxc3 h6 11. Bf4 O-O 12. Bd6 Re8 13. Nh3 Qb6 14. Qxb6 Nxb6
15. b3 Bd7 16. O-O Rac8 17. Rfc1 Rxc3 18. Rxc3 Rc8 19. Rxc8+ Nxc8 20. Ba3 a6 21.
e3 g5 22. Kf1 Na7 23. Ng1 Nb5 24. Bb2 Kf8 25. f3 Bf5 26. Ke2 g4 27. fxg4 Bxg4+
28. Kd2 Ke7 29. a4 Nc7 30. Ba3+ Kd7 31. Ne2 Ne6 32. h3 Bf3 33. Bf1 Nh5 34. g4
Nf6 35. Ng3 Ng7 36. Bf8 Nfe8 37. b4 h5 38. gxh5 Nxh5 39. Nxh5 Bxh5 40. h4 Ke6
41. Bh3+ f5 42. Bf1 Nd6 43. Bxd6 Kxd6 44. Ke1 Ke6 45. Kf2 Kf6 46. Kg3 Kg6 47.
Kf4 Kf6 48. Bh3 Bg6 49. a5 Ke6 50. Kg5 Bh7 51. Kh6 Bg8 52. Kg7 Bf7 53. Bxf5+
Kxf5 54. Kxf7 Kg4 55. Ke6 Kf3 56. h5 Kxe3 57. h6 Kxd4 58. h7 Kc4 59. h8=Q Kxb4
60. Kxd5 Kxa5 61. Qc3+ Ka4 62. Kc5 a5 63. Kb6 e3 64. Qxa5+ Kb3 65. Qe1 Kc4 66.
Qxe3 Kd5 67. Kxb7 Kc4 68. Kb6 Kd5 69. Qg5+ Ke4 70. Kc5 Kf3 71. Kd4 Kf2 72. Qe3+
Kg2 73. Ke4 Kh2 74. Kf4 Kh1 75. Qd2 Kg1 76. Kf3 Kh1 77. Qg2# {Black checkmated}
1-0